 Dungeon Crawl Stone Soup version 0.25.0-9-g26727b657a (webtiles) character file.

Game seed: 10429858463368015287

6988 Delamore the Bludgeoner (level 11, -3/90 HPs)
             Began as a Gargoyle Fighter on June 17, 2020.
             Was an Elder of Okawaru.
             Slain by a wight
             ... wielding a +3 trident
              (5 damage)
             ... on level 10 of the Dungeon.
             The game lasted 00:12:21 (8980 turns).

Delamore the Bludgeoner (Gargoyle Fighter)          Turns: 8980, Time: 00:12:21

Health: -3/90      AC: 25    Str: 25    XL:     11   Next: 8%
Magic:  11/11      EV:  2    Int:  9    God:    Okawaru [****..]
Gold:   518        SH:  9    Dex:  9    Spells: 10/10 levels left

rFire    . . .     SeeInvis .   w - +1 flail (distort)
rCold    . . .     Gourm    .   c - +0 kite shield
rNeg     + + +     Faith    .   (armour currently unavailable)
rPois    ∞         Spirit   .   (helmet currently unavailable)
rElec    .         Reflect  .   (cloak currently unavailable)
rCorr    .         Harm     .   (gloves currently unavailable)
MR       .....     NoTele   +   (boots currently unavailable)
Stlth    +.........             q - amulet of the acrobat
HPRegen  0.25/turn              (no ring)
MPRegen  0.12/turn              (no ring)

@: tree-form, berserk cooldown, slowed, very slow
A: negative energy resistance 1, strong 1, petrification resistance, rot
immunity, AC +8
a: Heroism, Renounce Religion


You were on level 10 of the Dungeon.
You worshipped Okawaru.
Okawaru was greatly pleased with you.
You were not hungry.
You were a tree.
You visited 2 branches of the dungeon, and saw 11 of its levels.
You also visited: Bailey.

You collected 518 gold pieces.

Inventory:

Hand Weapons
 a - a +0 flail
 g - the +5 spear of Negumaed {drain, +Blink, unknown}
   (You found it on level 7 of the Dungeon)

   A truly terrible weapon, it drains the life of those it strikes.
   It lets you blink.
 l - the +6 long sword of the Skies Above {venom, Str+3 Int-3 SInv Stlth+, unknown}
   (You found it in a bailey)

   It poisons the flesh of those it strikes.
   It affects your strength (+3).
   It affects your intelligence (-3).
   It lets you see invisible.
   It makes you more stealthy.
 s - a +0 morningstar
 w - a +1 flail of distortion (weapon)
Missiles
 o - 8 curare-tipped darts (quivered)
 x - a throwing net
Armour
 c - a +0 kite shield (worn)
 k - a +0 helmet (melded)
 p - a +1 cloak (melded)
 A - a +1 crystal plate armour
 E - a +0 pair of boots of flying (melded)
 F - a +0 chain mail (melded)
Jewellery
 d - the amulet "Huiloz" {Inacc rElec rN+ Int-4 Dex+4}
   (You found it on level 4 of the Dungeon)

   [amulet of inaccuracy]

   It reduces the accuracy of all your attacks.
   It affects your intelligence (-4).
   It affects your dexterity (+4).
   It insulates you from electricity.
   It protects you from negative energy.
 q - an amulet of the acrobat (around neck)
Wands
 b - a wand of polymorph (8)
 y - a wand of flame (12)
Scrolls
 e - 7 scrolls of remove curse
 h - 2 scrolls of blinking {unknown}
 i - 3 scrolls of immolation {unknown}
 m - 9 scrolls of identify
 n - a scroll of enchant armour {unknown}
 t - a scroll of teleportation
 B - a scroll of fear {unknown}
 D - a scroll of enchant weapon
 G - a scroll of magic mapping
Potions
 j - a potion of invisibility
 r - a potion of degeneration {unknown}
 u - 4 potions of brilliance
 v - 2 potions of might
 z - 2 potions of curing
 C - a potion of mutation
Comestibles
 f - 21 rations
 J - 3 chunks of flesh


   Skills:
 - Level 3.2 Fighting
 + Level 15.7 Maces & Flails
 - Level 3.2 Armour
 - Level 3.2 Shields


You had 10 spell levels left.
You didn't know any spells.
Your spell library contained the following spells:

 Spells                   Type           Power        Failure   Level  Hunger
 Magic Dart               Conj           #...         88%         1    ##.....
 Blink                    Tloc           N/A          95%         2    ###....
 Call Imp                 Summ           #.......     95%         2    ###....
 Slow                     Hex            #.......     95%         2    ###....
 Conjure Flame            Conj/Fire      #.......     99%         3    ####...
 Mephitic Cloud           Conj/Pois/Air  #.......     99%         3    ####...


Dungeon Overview and Level Annotations

Branches:
Dungeon (10/15)            Temple (1/1) D:4            Lair (0/6) D:8
 Bailey (visited)
    Orc: D:9-12

Altars:
Ashenzari
Cheibriados
Dithmenos
Elyvilon
Fedhas
Gozag
Hepliaklqana
Kikubaaqudgha
Makhleb
Nemelex Xobeh
Okawaru
Qazlal
Ru
Sif Muna
Trog
Uskayaw
Vehumet
Wu Jian
Xom
Yredelemnul
Zin
The Shining One

Annotations:
Abyss:1 Prince Ribbit


Innate Abilities, Weirdness & Mutations

You are resistant to torment.
((Your stone body is resilient. (AC +8)))
You are immune to poison.
You resist negative energy. (rN+)
((You are resistant to electric shocks. (rElec)))
((You can survive without breathing.))
You are immune to petrification.
You are immune to rotting.
((Your flesh is heat resistant. (rF+)))
Your muscles are strong. (Str +2)


Message History

The wight hits you but does no damage. You block the wight's attack.
You hit the wight.
Space bends around the wight.
The wight is severely damaged.
The wight hits you but does no damage. x2
You barely miss the wight.
The wight is severely damaged.
The wight hits you with a cursed +0 mace.
* * * LOW HITPOINT WARNING * * *
The wight hits you but does no damage.
You closely miss the wight.
The wight is severely damaged.
You block the wight's attack. The wight hits you but does no damage.
You barely miss the wight.
The wight is severely damaged.
The wight completely misses you. You block the wight's attack.
You hit the wight.
The wight is devoured by a tear in reality.
The wight hits you from afar with a +3 trident.
You die...

.# #####.# .......
.....$. .......
....... ###.......
###########)<...?Y..
......†.♣§zZ#......$
#############...Y...
######.


You could see a wight.

Vanquished Creatures
  A cyclops (D:6)
  Grinder (D:3)
  A hippogriff (D:10)
  Sigmund (D:2)
  A spriggan (D:7)
  6 yaks
  Edmund (D:4)
  A porcupine (D:8)
  2 black bears
  4 ice beasts
  6 orc warriors
  4 phantoms
  A sky beast (D:5)
  An ogre (D:6)
  A centaur (D:8)
  5 bullfrogs
  A scorpion (D:7)
  2 crimson imps
  2 centaur skeletons
  3 hounds
  2 bullfrog skeletons
  6 orc priests
  3 iguanas
  5 orc wizards
  6 worker ants
  A hound zombie (D:2)
  A hound skeleton (D:8)
  A worker ant zombie (D:6)
  13 adders
  A shadow imp (D:6)
  4 oozes
  3 adder zombies
  An adder skeleton (D:4)
  2 worms
  A dart slug (D:3)
  6 leopard geckos
  45 orcs
  A bat skeleton (D:2)
  5 giant cockroaches
  13 goblins
  5 hobgoblins
  4 jackals (D:4)
  4 quokkas
  7 bats
  6 frilled lizards
  17 kobolds
  2 leopard gecko skeletons (D:5)
  A leopard gecko zombie (D:4)
  A quokka zombie (D:2)
  5 rats
217 creatures vanquished.

Vanquished Creatures (others)
  A two-headed ogre (D:9)
  4 yaks
  An orc warrior (D:9)
  A centaur (D:5)
  A crocodile (D:8)
  2 big kobolds
  A bullfrog (D:8)
  A scorpion (D:7)
  A howler monkey (D:5)
  A wight (D:10)
  A crimson imp (D:7)
  2 jellies
  2 hounds
  An orc priest (D:7)
  2 orc wizards
  A worker ant (D:6)
  A killer bee zombie (D:6)
  A shadow imp (D:5)
  2 adder skeletons (D:5)
  A worm (D:5)
  3 fungi (D:8)
31 creatures vanquished.

Grand Total: 248 creatures vanquished

Notes
Turn   | Place    | Note
-------+----------+-------------------------------------------
     0 | D:1      | Delamore the Gargoyle Fighter began the quest for the Orb.
     0 | D:1      | Reached XP level 1. HP: 14/14 MP: 1/1
   124 | D:1      | Reached XP level 2. HP: 19/19 MP: 2/2
   276 | D:1      | Reached skill level 3 in Maces & Flails
  1033 | D:2      | Reached XP level 3. HP: 23/23 MP: 3/3
  1249 | D:2      | Reached skill level 4 in Maces & Flails
  1465 | D:2      | Reached XP level 4. HP: 23/28 MP: 4/4
  1865 | D:2      | Noticed Sigmund
  1897 | D:2      | Gained mutation: Your muscles are strong. (Str +2) [potion
                  | of mutation]
  1897 | D:2      | Gained mutation: Your flesh is heat resistant. (rF+)
                  | [potion of mutation]
  1925 | D:2      | Killed Sigmund
  1925 | D:2      | Reached skill level 6 in Maces & Flails
  1925 | D:2      | Reached XP level 5. HP: 10/32 MP: 5/5
  1925 | D:2      | Reached XP level 6. HP: 11/37 MP: 6/6
  3234 | D:3      | Reached skill level 7 in Maces & Flails
  3596 | D:3      | Noticed Grinder
  3603 | D:3      | Paralysed by Grinder for 4 turns
  3612 | D:3      | Killed Grinder
  3612 | D:3      | Reached skill level 8 in Maces & Flails
  3612 | D:3      | Reached XP level 7. HP: 31/41 MP: 7/7
  3710 | D:3      | Found a faded altar of an unknown god.
  3893 | D:4      | Noticed Edmund
  3905 | D:4      | Killed Edmund
  4102 | D:4      | Reached skill level 9 in Maces & Flails
  4102 | D:4      | Reached XP level 8. HP: 46/46 MP: 8/8
  4140 | D:4      | Found a staircase to the Ecumenical Temple.
  4161 | Temple   | Entered the Ecumenical Temple
  4414 | Temple   | Became a worshipper of Warmaster Okawaru
  4503 | D:4      | Noticed a water elemental
  4504 | D:4      | Found a stormy altar of Qazlal.
  4505 | D:4      | Noticed an air elemental
  4523 | D:4      | Got a pitted copper amulet
  4525 | D:4      | Identified the amulet "Huiloz" {Inacc rElec rN+ Int-4
                  | Dex+4} (You found it on level 4 of the Dungeon)
  5056 | D:5      | Entered Level 5 of the Dungeon
  5177 | D:5      | Reached skill level 10 in Maces & Flails
  5890 | D:6      | Noticed Prince Ribbit
  5895 | D:6      | Banished Prince Ribbit
  6004 | D:6      | Noticed a cyclops
  6024 | D:6      | Reached skill level 11 in Maces & Flails
  6035 | D:6      | Reached XP level 9. HP: 51/51 MP: 9/9
  6060 | D:6      | Reached * piety under Okawaru
  6176 | D:6      | Killed a cyclops
  6176 | D:6      | Reached skill level 12 in Maces & Flails
  6643 | D:7      | Found a flagged portal.
  6650 | D:7      | Got a faintly glowing spear
  6656 | Bailey   | Entered a bailey
  7202 | Bailey   | Got a glimmering long sword
  7465 | D:7      | Found an opulent altar of Gozag.
  7639 | D:7      | Reached skill level 13 in Maces & Flails
  7828 | D:8      | Reached ** piety under Okawaru
  7941 | D:8      | Reached XP level 10. HP: 56/56 MP: 10/10
  8020 | D:8      | Found a sacrificial altar of Ru.
  8065 | D:8      | Reached skill level 14 in Maces & Flails
  8314 | D:8      | Found a staircase to the Lair.
  8320 | D:8      | Reached *** piety under Okawaru
  8883 | D:9      | Noticed a two-headed ogre
  8894 | D:9      | Banished a two-headed ogre
  8894 | D:9      | Reached skill level 15 in Maces & Flails
  8935 | D:10     | Entered Level 10 of the Dungeon
  8950 | D:10     | Reached XP level 11. HP: 11/60 MP: 11/11
  8961 | D:10     | Reached **** piety under Okawaru
  8964 | D:10     | HP: 1/60 [hippogriff (3)]
  8971 | D:10     | HP: 4/135 [wight/+3 trident (1)]
  8977 | D:10     | HP: 1/90 [wight/cursed +0 mace (4)]
  8980 | D:10     | Slain by a wight

Illustrated notes

Levels and vault maps discovered:
D:1:      minmay_arrival_hallway, layout_loops_ring
D:2:      layout_loops_corners, serial_undead, serial_undead_c, serial_undead_f,
          serial_undead_b, serial_undead_f, uniq_sigmund
D:3:      cheibrodos_old_hovel, layout_basic, chequers_ecumenical_altar_simple,
          moated_statue, uniq_grinder
D:4:      layout_basic, nicolae_qazlal_style_of_elements,
          minmay_temple_entry_overgrown, corexii_hall_statues_s, uniq_edmund
D:5:      layout_basic, first_ration
D:6:      minmay_clustersquares, layout_basic, uniq_prince_ribbit1
D:7:      layout_basic, enter_bailey_2, the_bakery,
          nicolae_gozag_cash_rules_everything_around_me
D:8:      layout_gridville, grunt_lair_entry_orc_guard_hut,
          nicolae_ru_sacrificial_ziggurat
D:9:      layout_small_grid
D:10:     layout_roguey, tso_altar
Temple:   nicolae_temple_the_god_donut

Skill      XL: |  1  2  3  4  5  6  7  8  9 10 |
---------------+-------------------------------+-----
Maces & Flails | 3 4 6 8 9 11 13 15 | 15.7
Fighting       | |  3.2
Armour         | |  3.2
Shields        | |  3.2

Action                   |  1- 3 |  4- 6 |  7- 9 | 10-12 || total
-------------------------+-------+-------+-------+-------++-------
Melee: Flail             |    99 |       |   315 |   192 ||   606
       Morningstar       |    59 |   213 |    30 |       ||   302
       Unarmed           |       |     4 |       |       ||     4
  Use: Potion            |       |     5 |       |     3 ||     8
       Scroll            |       |       |     5 |       ||     5
  Eat: Chunk             |     2 |     7 |    14 |     4 ||    27
Armor: Scale mail        |    93 |   132 |   115 |       ||   340
       Chain mail        |       |       |    40 |    70 ||   110
       Skin              |       |       |       |    10 ||    10
Dodge: Dodged            |    48 |    74 |   156 |    47 ||   325
Block: Kite shield       |    87 |   122 |   176 |    80 ||   465
